 Dungeon Crawl Stone Soup version 0.21.0-3-g78d12a8 (webtiles) character file.

84 Megalobster the Poker (level 4, -1/35 HPs)
             Began as a Merfolk Gladiator on Jan 13, 2018.
             Slain by Inarius's ghost (3 damage)
             ... on level 3 of the Dungeon.
             The game lasted 00:12:44 (2313 turns).

Megalobster the Poker (Merfolk Gladiator)           Turns: 2313, Time: 00:12:45

Health: -1/35      AC:  4    Str: 13 (14) XL:     4   Next: 45%
Magic:  4/4        EV: 14    Int:  5 (7)  God:
Gold:   42         SH:  0    Dex: 15 (16) Spells: 3/3 levels left

rFire    . . .     SeeInvis .   a - +0 trident
rCold    . . .     Gourm    .   (no shield)
rNeg     . . .     Faith    .   b - +0 leather armour
rPois    .         Spirit   .   c - +0 helmet
rElec    .         Reflect  .   (no cloak)
rCorr    .         Harm     .   (no gloves)
MR       .....                  (no boots)
Stlth    +.........             (no amulet)
HPRegen  0.11/turn              (no ring)
MPRegen  0.09/turn              (no ring)

@: no status effects
A: change form in water, swift swim, stealthy swim
a: no special abilities


You were on level 3 of the Dungeon.
You were not hungry.

You visited 1 branch of the dungeon, and saw 3 of its levels.

You collected 42 gold pieces.

Inventory:

Hand Weapons
 a - a +0 trident (weapon)
Missiles
 d - 3 throwing nets (quivered) {!f}
Armour
 b - a +0 leather armour (worn)
 c - a +0 helmet (worn)
Jewellery
 j - a cursed -2 ring of intelligence {unknown}
 l - an uncursed ring of flight {unknown}
Wands
 g - a wand of flame (29)
Scrolls
 e - a scroll of teleportation {unknown}
 h - 4 scrolls of identify {unknown}
 i - a scroll of remove curse {unknown}
 n - a scroll of enchant armour {unknown}
Potions
 k - a potion of degeneration
 m - a potion of cancellation {unknown}
Comestibles
 f - a ration


   Skills:
 + Level 3.1 Fighting
 * Level 6.0 Polearms
 - Level 2.0 Throwing
 + Level 4.8 Dodging


You had 3 spell levels left.
You didn't know any spells.

Dungeon Overview and Level Annotations

Branches:
Dungeon (3/15)

Altars:
Dithmenos

Annotations:
D:3 Inarius's ghost, amateur DrIE


Message History

You barely miss Inarius's ghost.
Inarius's ghost is heavily damaged.
Inarius's ghost gestures at you while chanting.
You are frozen.
You take 9 damage, and have 12/35 hp.
MASSIVE DAMAGE!!
You hit Inarius's ghost.
Inarius's ghost is heavily damaged.
Inarius's ghost points at you and mumbles some strange words.
You are frozen.
* * * LOW HITPOINT WARNING * * *
You take 7 damage, and have 5/35 hp.
You closely miss Inarius's ghost.
Inarius's ghost is heavily damaged.
Inarius's ghost hits you.
* * * LOW HITPOINT WARNING * * *
You take 3 damage, and have 2/35 hp.
You closely miss Inarius's ghost.
Inarius's ghost is heavily damaged.
Inarius's ghost hits you.
You die...

...... ........# ......
........## ..##..
......>.. ... . .......#
#### #.#######.......
#.......(.###.#
######().##...#
..#.(.((......####
#....(...@W........##
......####...#####..####
...... #...# ##....#
.###. ..#### ####.... #.
##. ### # ##


You could see Inarius's ghost.

Vanquished Creatures
  3 adders (D:2)
  2 worms (D:2)
  3 leopard geckos
  An orc (D:3)
  A ball python (D:2)
  5 bats
  A giant cockroach (D:1)
  3 hobgoblins (D:1)
  4 jackals
  5 kobolds
  4 frilled lizards
  6 goblins
  10 rats
48 creatures vanquished.

Notes
Turn   | Place    | Note
-------+----------+-------------------------------------------
     0 | D:1      | Megalobster the Merfolk Gladiator began the quest for the Orb.
     0 | D:1      | Reached XP level 1. HP: 16/16 MP: 1/1
    38 | D:1      | Reached XP level 2. HP: 23/23 MP: 2/2
   231 | D:1      | Reached skill level 5 in Polearms
   563 | D:1      | Reached XP level 3. HP: 25/28 MP: 3/3
   772 | D:2      | Found a shadowy altar of Dithmenos.
   835 | D:2      | Reached XP level 4. HP: 7/35 MP: 4/4
  1719 | D:3      | Noticed Inarius's ghost (amateur DrIE)
  1729 | D:2      | Reached skill level 6 in Polearms
  2313 | D:3      | Slain by Inarius's ghost

Skill      XL: |  1  2  3  4 |
---------------+-------------+-----
Polearms       | 5 6 |  6.0
Fighting       | 3 |  3.1
Throwing       | |  2.0
Dodging        | |  4.8

Action                   |  1- 3 |  4- 6 || total
-------------------------+-------+-------++-------
Melee: Trident           |    93 |    72 ||   165
  Use: Potion            |       |     3 ||     3
 Stab: Sleeping          |     1 |       ||     1
  Eat: Chunk             |       |     3 ||     3
       Ration            |       |     1 ||     1
Armor: Leather armour    |    13 |    16 ||    29
Dodge: Dodged            |    61 |    35 ||    96
